 Dungeon Sprint DCSS version 0.31-a0-986-g5e6e4ef867 (webtiles) character file.

Game seed: 12485075119234001827

165 rocky1 the Ruffian (level 5, -3/57 HPs)
             Began as an Octopode Shapeshifter on Nov 14, 2023.
             Was an Initiate of Gozag.
             Killed from afar by an acid dragon (23 damage)
             ... with a splash of acid
             ... in the Dungeon (Sprint IX: "|||||||||||||||||||||||||||||").
             The game lasted 00:00:57 (154 turns).

rocky1 the Ruffian (Octopode Shapeshifter)           Turns: 154, Time: 00:00:57

Health: -3/57      AC: 10    Str: 14    XL:     5   Next: 46%
Magic:  5/5        EV:  2    Int: 12    God:    Gozag
Gold:   0          SH:  0    Dex: 16    Spells: 4/4 levels left

rFire   . .          .
                       - Unarmed
rCold   . . .        (no shield)
rNeg    . . .        (helmet currently unavailable)
rPois   +            (no amulet)
rElec   .            l - +3 ring of dexterity
rCorr   .            m - +2 ring of evasion
SInv    .            (no ring)
Will    .....        (no ring)
Stlth   +            (no ring)
HPRegen 0.29/turn    (no ring)
MPRegen 0.09/turn    (no ring)
                     (no ring)

%: no teleportation
@: tree-form, corroded
A: stationary, stasis, torment immunity, boosted hp, almost no armour,
(amphibious), 8 rings, (camouflage 1), (gelatinous body 1), (nimble swimmer 1),
(tentacles)
a: Renounce Religion, Potion Petition, Call Merchant, Bribe Branch


You were in the Dungeon.
You worshipped Gozag.
Gozag was noncommittal.
You were a tree.
You visited 1 branch

Inventory:

Jewellery
 l - a +3 ring of dexterity (left branch)
 m - a +2 ring of evasion (right branch)
Talismans
 b - a beast talisman
 c - a flux talisman
Wands
 k - a wand of acid (9) (quivered)
Scrolls
 i - 2 scrolls of blinking
 j - 2 scrolls of amnesia
Potions
 d - 5 potions of curing
 e - a potion of heal wounds
 f - a potion of haste
 g - 4 potions of magic
 h - a potion of invisibility


   Skills:
 + Level 4.7 Fighting
 + Level 5.1 Dodging
 * Level 7.4 Unarmed Combat
 + Level 5.2 Shapeshifting


You had 4 spell levels left.
You didn't know any spells.
Your spell library was empty.

Dungeon Overview and Level Annotations

Branches:
Dungeon (1/1)

Altars:
Cheibriados
Dithmenos
Elyvilon
Fedhas
Gozag
Hepliaklqana
Kikubaaqudgha
Makhleb
Nemelex Xobeh
Okawaru
Qazlal
Ru
Sif Muna
Trog
Uskayaw
Vehumet
Wu Jian
Xom
Yredelemnul
Zin
The Shining One
Jiyva
Lugonu


Innate Abilities, Weirdness & Mutations

You are a tree.
Your roots penetrate the ground, keeping you stationary.
You cannot be teleported.
You are immune to unholy pain and torment.
Your maximum health is greatly increased.
You cannot wear most types of armour.
((You are amphibious.))
You can wear up to eight rings at the same time.
((Your skin changes colour to match your surroundings (Stealth+).))
((Your rubbery body absorbs attacks. (AC +1, EV +1)))
((You are camouflaged when in or above water. (Stealth+)))
((You have tentacles for arms and can constrict up to eight enemies at once.))


Message History

The acid dragon is moderately wounded.
The acid dragon bites you but does no damage.
The acid dragon claws you but does no damage.
You smack the acid dragon!
The acid dragon is severely wounded.
The acid dragon bites you.
The acid dragon claws you but does no damage.
You closely miss the acid dragon.
The acid dragon is severely wounded.
The acid dragon spits acid at you. The splash of acid hits you.
The acid corrodes you!
You completely miss the acid dragon.
You punch the acid dragon, but do no damage.
The acid dragon is severely wounded.
The acid dragon bites you but does no damage.
The acid dragon claws you.
You hit the acid dragon but do no damage.
The acid dragon is severely wounded.
You hit the acid dragon.
You punch the acid dragon, but do no damage.
The acid dragon is severely wounded.
The acid dragon bites you but does no damage.
The acid dragon claws you but does no damage.
You hit the acid dragon but do no damage.
The acid dragon is severely wounded.
The acid dragon spits acid at you. The splash of acid hits you!
The acid corrodes you!
You completely miss the acid dragon. Your punch misses the acid dragon.
The acid dragon is severely wounded.
The acid dragon bites you. The acid dragon claws you.
You hit the acid dragon.
The acid dragon is severely wounded.
The acid dragon barely misses you.
The acid dragon claws you but does no damage.
You hit the acid dragon but do no damage.
The acid dragon is severely wounded.
The acid dragon spits acid at you. The splash of acid hits you!!
You die...
Your body crumbles into a pile of gold.

▓.▓
▓D▓
▓{▓
▓l▓
▓y▓
▓T▓
▓D▓
▓♣▓
▓.▓
▓[▓
▓[▓
▓[▓
▓.▓
▓)▓
▓.▓
▓.▓


You could see a troll, a wyvern, 2 acid dragons and a vampire mosquito
(corroded).

Vanquished Creatures
  An ogre (D)
  A jelly (D)
  A hound (D)
  A gnoll (D)
  A shadow imp (D)
  2 ball pythons (D)
  A goblin (D)
  A hobgoblin (D)
  A kobold (D)
10 creatures vanquished.

Notes
Turn   | Place    | Note
-------+----------+-------------------------------------------
     0 | D        | rocky1 the Octopode Shapeshifter began the quest for the
                  | Orb.
     0 | D        | Reached XP level 1. HP: 13/13 MP: 1/1
    43 | D        | Noticed a hound
    43 | D        | Noticed a jelly
    43 | D        | Noticed an ogre
    48 | D        | Reached skill level 4 in Unarmed Combat
    48 | D        | Reached XP level 2. HP: 19/19 MP: 2/2
    50 | D        | Killed an ogre
    51 | D        | Reached skill level 6 in Unarmed Combat
    51 | D        | Reached XP level 3. HP: 27/27 MP: 3/3
    51 | D        | Reached XP level 4. HP: 33/33 MP: 4/4
    53 | D        | Reached XP level 5. HP: 37/37 MP: 5/5
    54 | D        | Reached skill level 7 in Unarmed Combat
    54 | D        | Reached skill level 5 in Shapeshifting
    56 | D        | Reached skill level 5 in Dodging
    94 | D        | Found a snail-covered altar of Cheibriados.
    94 | D        | Found a shadowy altar of Dithmenos.
    94 | D        | Found a white marble altar of Elyvilon.
    94 | D        | Found a blossoming altar of Fedhas.
    94 | D        | Found an opulent altar of Gozag.
    95 | D        | Found a hazy altar of Hepliaklqana.
    96 | D        | Found a viscous altar of Jiyva.
    97 | D        | Found an ancient bone altar of Kikubaaqudgha.
    98 | D        | Found a corrupted altar of Lugonu.
    99 | D        | Found a burning altar of Makhleb.
   100 | D        | Found a sparkling altar of Nemelex Xobeh.
   101 | D        | Found an iron altar of Okawaru.
   102 | D        | Became a worshipper of Gozag Ym Sagoz the Greedy
   103 | D        | Found a stormy altar of Qazlal.
   104 | D        | Found a sacrificial altar of Ru.
   105 | D        | Found a shimmering blue altar of Sif Muna.
   106 | D        | Found a bloodstained altar of Trog.
   107 | D        | Found a hide-covered altar of Uskayaw.
   108 | D        | Found a radiant altar of Vehumet.
   109 | D        | Found an ornate altar of the Wu Jian Council.
   110 | D        | Found a shimmering altar of Xom.
   111 | D        | Found a basalt altar of Yredelemnul.
   112 | D        | Found a glowing silver altar of Zin.
   113 | D        | Found a glowing golden altar of the Shining One.
   139 | D        | Noticed an acid dragon
   139 | D        | Noticed a wyvern
   139 | D        | Noticed a vampire mosquito
   139 | D        | Noticed a troll
   139 | D        | Noticed an acid dragon
   154 | D        | Killed from afar by an acid dragon

Illustrated notes

Levels and vault maps discovered:
D:        linesprint [early_d, line_temple, items_1, d_10, items_2, lair_1,
          lair_end, items_3, orc_1, orc_end, items_4, d_15, swamp_1, shoals_1,
          snake_1, spider_1, d_20, vaults_1, items_5, swamp_end, shoals_end,
          snake_end, spider_end, vaults_end, d_27, items_6, zot_1, zot_end,
          crypt_end, forest_end, elf_end, slime_end, tomb_end, abyss_end,
          pan_hell_end]

Skill      XL: |  1  2  3  4  5 |
---------------+----------------+-----
Fighting       | 2 3 4 |  4.7
Unarmed Combat | 4 6 7 |  7.4
Dodging        | 4 5 |  5.1
Shapeshifting  | 4 5 |  5.2

Action                     |  1- 3 |  4- 6 || total
---------------------------+-------+-------++-------
  Melee: Unarmed           |    13 |    14 ||    27
         Tentacles         |     2 |     2 ||     4
         Constrict         |     2 |       ||     2
         Punch             |     2 |     3 ||     5
  Evoke: Wand              |       |     1 ||     1
    Use: Potion            |     1 |     3 ||     4
 Armour: Skin              |     3 |    23 ||    26
  Dodge: Dodged            |     7 |     2 ||     9

Table legend: (Time is in decaauts)
 A = Elapsed time spent in this place.
 B = Non-inter-level travel time spent in this place.
 C = Inter-level travel time spent in this place.
 D = Time resting spent in this place.
 E = Time spent auto-exploring this place.
 F = Levels seen in this place.
 G = Mean time per level.
                   A        B        C        D        E       F      G
               +--------+--------+--------+--------+--------+-----+--------+
         Total |    158 |    158 |      0 |     71 |      0 |   1 |  158.0 |
       Dungeon |    158 |    158 |      0 |     71 |      0 |   1 |  158.0 |
               +--------+--------+--------+--------+--------+-----+--------+

Top non-repeatable levels by time:
       D: 158 daAuts
